 Dungeon Crawl Stone Soup version 0.20-a0-738-gb057e68 (webtiles) character file.

142 winWinterter the Firebug (level 5, 0/28 HPs)
             Began as a Deep Elf Fire Elementalist on Feb 23, 2017.
             Killed by divine providence
             ... invoked by an orc priest
              (11 damage)
             ... on level 3 of the Dungeon.
             The game lasted 00:12:47 (2084 turns).

winWinterter the Firebug (DEFE)                     Turns: 2084, Time: 00:12:48

Health: 0/28       AC:  2    Str:  5    XL:     5   Next: 3%
Magic:  1/13       EV: 13    Int: 21    God:
Gold:   125        SH:  6    Dex: 15    Spells: 3/12 levels left

rFire    + . .     SeeInvis .   r - -2 short sword (curse)
rCold    . . .     Gourm    .   a - +0 robe
rNeg     . . .     Faith    .   (no shield)
rPois    .         Spirit   .   (no helmet)
rElec    .         Reflect  +   (no cloak)
rCorr    .         Harm     .   (no gloves)
MR       .....     Rnd*Tele +   (no boots)
Stlth    ++........             p - +6 amulet of reflection
Regen    0.1/turn               n - ring of teleportation (curse)
MPRegen  0.2/turn               f - ring of protection from fire (curse)

@: no status effects
A: no striking features
a: no special abilities


You were on level 3 of the Dungeon.
You were hungry.

You visited 1 branch of the dungeon, and saw 3 of its levels.

You collected 125 gold pieces.

Inventory:

Hand Weapons
 m - a +0 short sword
 r - a cursed -2 short sword (weapon)
 s - a +2 flail of crushing
 v - a cursed -3 spear
Armour
 a - a +0 robe (worn)
Jewellery
 f - a cursed ring of protection from fire (left hand)
 g - an uncursed amulet of faith
 n - a cursed ring of teleportation (right hand)
 p - a +6 amulet of reflection (around neck)
Scrolls
 d - 2 scrolls of identify
 e - 2 scrolls of teleportation
 q - a scroll of remove curse {unknown}
 u - a scroll of enchant armour {unknown}
Potions
 h - a potion of lignification {unknown}
 i - a potion of agility {unknown}
 j - 4 potions of curing
 k - a potion of brilliance {unknown}
 l - 2 potions of berserk rage {unknown}
Books
 b - a book of Flames

   Spells                             Type                      Level
   a - Flame Tongue                   Conjuration/Fire             1
   b - Throw Flame                    Conjuration/Fire             2
   c - Conjure Flame                  Conjuration/Fire             3
   d - Inner Flame                    Hexes/Fire                   3
   e - Sticky Flame                   Conjuration/Fire             4
   f - Fireball                       Conjuration/Fire             5
Comestibles
 c - 3 bread rations
 o - 2 royal jellies
 t - a meat ration


   Skills:
 + Level 3.2 Dodging
 + Level 2.9 Stealth
 + Level 4.1 Spellcasting
 + Level 2.1 Conjurations
 * Level 4.9 Fire Magic


You had 3 spell levels left.
You knew the following spells:

 Your Spells              Type           Power        Failure   Level  Hunger
a - Flame Tongue          Conj/Fire      ###..        2%          1    None
b - Throw Flame           Conj/Fire      ###...       4%          2    #......
c - Conjure Flame         Conj/Fire      ###.....     10%         3    ###....
d - Inner Flame           Hex/Fire       ##......     14%         3    ###....


Dungeon Overview and Level Annotations

Branches:
Dungeon (3/15)

Altars:
Makhleb


Message History

Confirm with . or Enter, or press ? or * to list all spells.
Aiming: Throw Flame
Press: ? - help, Shift-Dir - straight line, f/p - orc priest
Aim: an orc priest, wielding a hand axe and wearing a leather armour (lightly wounded, inner flame)
The puff of flame misses the orc.
The puff of flame misses the orc priest.
Casting: Throw Flame
Confirm with . or Enter, or press ? or * to list all spells.
Aiming: Throw Flame
Press: ? - help, Shift-Dir - straight line, f/p - orc priest
Aim: an orc priest, wielding a hand axe and wearing a leather armour (lightly wounded, inner flame)
The puff of flame hits the orc.
The orc is almost dead.
The orc priest mumbles some strange prayers to Beogh against you.
Beogh smites you!
Ouch! That really hurt!
The orc barely misses you.
The orc priest invokes the aid of Beogh against you.
Beogh smites you!
You die...

...# ##.# ##.# ##.# ##.#
##.# ######## ...#
#......# ####
#.####.########## #
#.####.##.@..o..# ####
#.##......#####o#
...####.##.#.#####..o....#
........†....# #.....##.#
...####......# #.....# #
#.## ######## #.....# #.##
#.....# ...# #......
.#...# ###.###


You could see an orc priest (inner flame) and an orc.

Vanquished Creatures
  A hound (D:2)
  Natasha (D:3)
  3 adders
  2 worms (D:2)
  A dart slug (D:2)
  6 orcs
  7 bats
  2 giant cockroaches (D:1)
  4 goblins
  4 hobgoblins
  4 kobolds
  3 quokkas
  3 frilled lizards (D:2)
  8 rats
49 creatures vanquished.

Notes
Turn   | Place    | Note
-------+----------+-------------------------------------------
     0 | D:1      | winWinterter the Deep Elf Fire Elementalist began the quest for the Orb.
     0 | D:1      | Reached XP level 1. HP: 10/10 MP: 6/6
   279 | D:1      | Reached XP level 2. HP: 15/15 MP: 6/8
   690 | D:2      | Learned a level 2 spell: Throw Flame
   722 | D:2      | Found a burning altar of Makhleb.
   733 | D:2      | Reached XP level 3. HP: 14/19 MP: 0/10
  1140 | D:2      | Reached XP level 4. HP: 24/24 MP: 4/11
  1657 | D:3      | Noticed Natasha
  1664 | D:3      | Killed Natasha
  1908 | D:3      | Found a faded altar of an unknown god.
  1955 | D:3      | Reached XP level 5. HP: 28/28 MP: 8/13
  2052 | D:3      | Learned a level 3 spell: Conjure Flame
  2056 | D:3      | Learned a level 3 spell: Inner Flame
  2084 | D:3      | Killed from afar by an orc priest

Vault maps used:
D:1:      evilmike_arrival_crescent
D:2:      first_bread, makhleb_heckhound_becter
D:3:      eat_drink_and_be_merry_uskayaw,
          chequers_ecumenical_altar_simple_redux, uniq_natasha

Skill      XL: |  1  2  3  4 |
---------------+-------------+-----
Fire Magic     | 4 |  4.9
Dodging        | 3 |  3.2
Spellcasting   | 4 |  4.1
Conjurations   | 2 |  2.1
Stealth        | |  2.9

Action                   |  1- 3 |  4- 6 || total
-------------------------+-------+-------++-------
Melee: Short sword       |     3 |     4 ||     7
 Cast: Flame Tongue      |    46 |    30 ||    76
       Throw Flame       |     2 |    13 ||    15
       Inner Flame       |       |     1 ||     1
  Use: Scroll            |     3 |       ||     3
 Stab: Sleeping          |     2 |     2 ||     4
  Eat: Royal jelly       |     1 |       ||     1
       Chunk             |       |     1 ||     1
Armor: Robe              |     3 |     2 ||     5
Dodge: Dodged            |    20 |     7 ||    27
Block: Other             |       |     2 ||     2
